r e k t, neutral male scurrid Tourist }}}}}}}}}}}}}}}}}}}}}}}}}}}}}}}}} }}}}}}}}}}}}}}}}}}}}}}}}}}}} }}}.}}}}}}}}}}}}}}}}}}}}}} }}}}}}}}}}}.}}}}}}}}} #.}}}}}}}}}}}}}}}}}}}}. }}}}}}}}.}}}.. }}}}}}}}..}}}}..#.}}}}}}...# #..}}}}}}.I}}}}}.....# #......}}}}..# }.}}}.}}...}}}}}.# ....} #.}}}}..... # }}}}}}}}}..# #. }}}}}}}}}#.}}} ..... }}}}}}}}}}} }}}# # }}}}}}}.`}}}}}} }}} }}}}}}}....}}}}}} }}# }}}}}}}}}.#`..}}}}}} .# ....}}}}}}}. .}}.}}}}}} } }}}..#..}}}}} }}}}}}}}..}} }}}}}.# ....}}} }}}}}}..#`}} ..}..} #.#.}}} }.}}}}}}} ...} }}}... }}}} }...}}}}}} }}}} }}..}}} # }}}} }}.#..}}}}} }}}}} }}}}}}} }}}}}} }} .}}}}}} }}}} }}}}}} }}}}}} }}} }}}}}}}} }}}}} r e k t the Rambler Experience level: 1 Strength: 11 Dexterity: 12 Constitution: 14 Intelligence: 16 Wisdom: 9 Charisma: 14 Health: 1(9) Energy: 2(2) Def: 0 Gold: 635 Moves: 54 Dungeon seed: wRR3qxbxaSFnWbhJ Game ID: r e k t_1498626635 Your Inventory: Coins $ - 635 gold pieces Weapons a - 49 uncursed rusty +2 darts (in quiver) Armor e - an uncursed +0 Hawaiian shirt (being worn) Comestibles b - 4 uncursed food rations c - 2 uncursed tripe rations d - 2 uncursed carrots f - an uncursed candy bar g - an uncursed tin of sewer rat meat h - an uncursed tin of goblin meat Scrolls j - 4 uncursed scrolls of magic mapping Potions i - 2 uncursed diluted potions of extra healing Wands m - an uncursed rusty wand of secret door detection (0:14) Tools k - an uncursed expensive camera (0:33) l - an uncursed credit card n - an uncursed leash Spells and supernatural/magical abilities: Name Level Category Fail Memory W - pray for help -- divine ? -- Your skills at the end: Miscellaneous Skills wands [Basic] Weapon Skills dart [Basic] Spellcasting Skills Final Attributes: You were devoutly aligned. You were blinded. You had infravision. You were very stealthy. You survived. Voluntary challenges: You went without food. You did not adorn yourself with jewelry or accessories. You did not cause conflict. You were not invisible. You did not have reflection. You were not displaced. You were an atheist. You never hit with a wielded weapon. You were a pacifist. You did not use tools. You did not use plumbed fixtures. You did not drink any magical draughts. You were illiterate. You never genocided any monsters. You never polymorphed an object. You never changed form. You used no wishes. You never split a pudding. You never wrote Elbereth's name. You never violated your personal moral code. Dungeon overview: The Dungeons of Doom: levels 1 to 22 Level 1 a fountain a long staircase Level 2 Level 3 Level 4 Level 5 a fountain Level 6 Level 7 Level 8 Level 9 Level 10 Level 11 a sink Level 12 an altar to Offler, a fountain Level 13 Level 14 Level 15 Level 16 Level 17 Level 18 Level 19 Level 20 an altar to Offler Level 21 Level 22 <- You were here many trees History has recorded: On T:1 you entered the Dungeons of Doom to retrieve the Amulet of Yendor! On T:4 you reached level 2 of The Dungeons of Doom. On T:6 you reached level 3 of The Dungeons of Doom. On T:8 you reached level 4 of The Dungeons of Doom. On T:10 you reached level 5 of The Dungeons of Doom. On T:13 you reached level 6 of The Dungeons of Doom. On T:15 you reached level 7 of The Dungeons of Doom. On T:17 you reached level 8 of The Dungeons of Doom. On T:19 you reached level 9 of The Dungeons of Doom. On T:22 you reached level 10 of The Dungeons of Doom. On T:25 you reached level 11 of The Dungeons of Doom. On T:28 you reached level 12 of The Dungeons of Doom. On T:30 you reached level 13 of The Dungeons of Doom. On T:32 you reached level 14 of The Dungeons of Doom. On T:34 you reached level 15 of The Dungeons of Doom. On T:37 you reached level 16 of The Dungeons of Doom. On T:39 you reached level 17 of The Dungeons of Doom. On T:39 you entered the Rogue tribute level. On T:41 you reached level 18 of The Dungeons of Doom. On T:43 you reached level 19 of The Dungeons of Doom. On T:47 you reached level 20 of The Dungeons of Doom. On T:49 you reached level 21 of The Dungeons of Doom. On T:52 you reached level 22 of The Dungeons of Doom. Score breakdown: Gold: 0 ( 0 points) Experience: 1 level ( 0 points) Exploration: 22 levels ( 630 points) Discoveries: 0 items ( 0 points) Variety of kills: 0 monsters ( 0 points) Major goal: (nothing yet) ( 0 points) Survival: quit (score multiplied by 3) Total score: 1890 Latest messages: You dig a pit in the floor. You continue digging downward. You dig a hole through the floor. You fall through... You start digging downward. You continue digging downward. You dig a pit in the floor. You continue digging downward. You dig a hole through the floor. You fall through... You start digging downward. The raven pecks! The raven blinds you! You continue digging downward. As you dig, the hole fills with water! You fall into the water! You sink like a rock. Your darts rust! Your wand of secret door detection rusts! You try to crawl out of the water. Pheew! That was close. Something pecks! That command is only available in debug mode. Final status: Aloha r e k t the Tourist, quit... You quit in The Dungeons of Doom on dungeon level 22 with 1890 points, and 635 pieces of gold, after 54 moves. You were level 1 with a maximum of 9 hit points when you quit.